 Dungeon Sprint DCSS version 0.17.0-23-g0de4337 (webtiles) character file.

110 radek the Geomancer (level 4, -2/24 HPs)
             Began as a Gargoyle Earth Elementalist on Nov 13, 2015.
             Slain by Sigmund
             ... wielding a +0 scythe
              (10 damage)
             ... in the Dungeon (Sprint I: "Red Sonja").
             The game lasted 00:04:39 (262 turns).

radek the Geomancer (Gargoyle Earth Elementalist)    Turns: 262, Time: 00:04:39

Health: -2/24      AC:  5    Str: 11    XL:     4   Next: 91%
Magic:  2/7        EV: 12    Int: 17    God:
Gold:   54         SH:  0    Dex: 10    Spells: 3 memorised, 1 level left

rFire  . . .     SeeInvis .     b - 11 stones
rCold  . . .     Clarity  .     a - +0 robe
rNeg   + . .     SustAt   .     (no shield)
rPois  ∞         Gourm    .     (no helmet)
rElec  +         Spirit   .     (no cloak)
rCorr  .         Warding  .     (no gloves)
rMut   .         NoTele   +     (no boots)
MR     .....                    (no amulet)
Stlth  ++........               (no ring)
                                (no ring)

@: not resistant to hostile enchantments, unstealthy
A: negative energy resistance 1, electricity resistance, unbreathing,
petrification resistance, rot immunity, AC +3
a: no special abilities


You were in the Dungeon.
You were not hungry.

You visited 1 branch You collected 54 gold pieces.

Inventory:

Missiles
 b - 11 stones (in hand)
Armour
 a - a +0 robe (worn)
Scrolls
 j - a scroll of blinking
Potions
 e - a potion of curing
 g - a potion of haste
 i - a potion of berserk rage
Books
 c - a book of Geomancy

   Spells                             Type                      Level
   a - Sandblast                      Earth                        1
   b - Stoneskin                      Transmutation/Earth          2
   c - Passwall                       Transmutation/Earth          3
   d - Stone Arrow                    Conjuration/Earth            3
   e - Petrify                        Transmutation/Earth          4
   f - Lee's Rapid Deconstruction     Earth                        5
Comestibles
 d - a bread ration
 h - 5 chunks of flesh


   Skills:
 - Level 1.5 Dodging
 - Level 2.1 Stealth
 - Level 2.0 Spellcasting
 - Level 0.7 Transmutations
 + Level 11.4 Earth Magic


You had one spell level left.
You knew the following spells:

 Your Spells              Type           Power        Failure   Level  Hunger
a - Sandblast             Erth           #####.       1%          1    #......
b - Stone Arrow           Conj/Erth      ###...       8%          3    ###....
c - Stoneskin             Trmt/Erth      ###.....     2%          2    ###....


Dungeon Overview and Level Annotations

Branches:
Dungeon (1/1)

Altars:

Annotations:
D Sigmund


Innate Abilities, Weirdness & Mutations

You are resistant to torment.
Your stone body is resilient (AC +3).
You are immune to poison.
You resist negative energy.
You are resistant to electric shocks.
You can survive without breathing.
You are immune to petrification.
You are immune to rotting.


Message History

Drink which item? (? for menu, Esc to quit)
You feel much better.
Sigmund gestures wildly while chanting.
Sigmund flickers and vanishes!
Deactivating autopickup; reactivate with Ctrl-A.
Press: ? - help, v - describe, . - travel A fountain of clear blue water.
There is a cloud of steam here.
You are engulfed in a cloud of scalding steam.
There is a fountain of clear blue water here.
You hear some strange, mumbled words.
A puff of flame appears from out of thin air!
The puff of flame hits you!
There is a fountain of clear blue water here.
Throwing (i - inventory):
b - 12 stones (in hand)
Press: ? - help, Shift-Dir - straight line You throw a stone.
You are engulfed in a cloud of scalding steam.
Something hits you!
You die...

########## #
#<.#..'..#..+
#..'..#..'..#
#..#####'####
#..# #..#
#..# ####
#.)# #⌠@#
####


There were no monsters in sight!

Vanquished Creatures
  An ogre (D)
  Ijyb (D)
2 creatures vanquished.

Notes
Turn   | Place    | Note
--------------------------------------------------------------
     0 | D        | radek the Gargoyle Earth Elementalist began the quest for the Orb.
     0 | D        | Reached XP level 1. HP: 10/10 MP: 3/3
     2 | D        | Noticed Ijyb
    13 | D        | Killed Ijyb
    13 | D        | Reached skill level 8 in Earth Magic
    13 | D        | Reached XP level 2. HP: 10/15 MP: 1/5
    13 | D        | Reached XP level 3. HP: 12/19 MP: 1/6
   129 | D        | Learned a level 3 spell: Stone Arrow
   132 | D        | Noticed an ogre
   143 | D        | Killed an ogre
   143 | D        | Reached skill level 11 in Earth Magic
   143 | D        | Reached XP level 4. HP: 24/24 MP: 0/7
   230 | D        | Learned a level 2 spell: Stoneskin
   244 | D        | Noticed Sigmund
   262 | D        | Slain by Sigmund

Action                   |  1- 3 |  4- 6 || total
-------------------------+-------+-------++-------
Throw: Stone             |       |     1 ||     1
 Cast: Sandblast         |     7 |     1 ||     8
       Stone Arrow       |     1 |     2 ||     3
  Use: Potion            |     2 |     1 ||     3
